 Dungeon Crawl Stone Soup version 0.26.1-11-gd32895ea62 (webtiles) character file.

Game seed: 15640067573213447650

224 Descartes the Sneak (level 5, 0/24 HPs)
             Began as a Spriggan Air Elementalist on May 2, 2021.
             Killed from afar by Natasha (8 damage)
             ... with a magic dart
             ... on level 2 of the Dungeon.
             The game lasted 00:07:20 (3108 turns).

Descartes the Sneak (Spriggan Air Elementalist)     Turns: 3108, Time: 00:07:21

Health: 0/24       AC:  4    Str:  5    XL:     5   Next: 67%
Magic:  10/11      EV: 20    Int: 17    God:
Gold:   59         SH:  0    Dex: 16    Spells: 10/11 levels left

rFire    . . .     SeeInvis +   b - +2 hunting sling (freeze)
rCold    . . .     Faith    .   (shield restricted)
rNeg     . . .     Spirit   .   m - +2 animal skin
rPois    .         Reflect  .   (helmet restricted)
rElec    .         Harm     .   (no cloak)
rCorr    .         Rampage  .   (gloves unavailable)
Will     .....                  (boots unavailable)
Stlth    ++........             (no amulet)
HPRegen  0.08/turn              c - ring of attention (curse)
MPRegen  0.12/turn              (no ring)

@: very quick
A: very small, unfitting armour, see invisible, speed 3
a: no special abilities


You were on level 2 of the Dungeon.
You visited 1 branch of the dungeon, and saw 2 of its levels.

You collected 59 gold pieces.

Inventory:

Hand Weapons
 a - a +0 short sword
 b - a +2 hunting sling of freezing (weapon)
 p - a +0 spear
Missiles
 f - 174 stones (quivered ammo)
 g - 31 bolts
 k - 2 throwing nets
 q - 10 arrows
Armour
 m - a +2 animal skin (worn)
Jewellery
 c - a cursed ring of attention (left hand)
Wands
 l - a wand of polymorph (8)
Scrolls
 h - a scroll of enchant weapon {unknown}
 i - a scroll of fog {unknown}
 j - a scroll of teleportation
Potions
 d - a potion of haste {unknown}
 e - 2 potions of lignification {unknown}
 n - a potion of heal wounds {unknown}
 o - 2 potions of curing {unknown}


   Skills:
 + Level 1.8 Short Blades
 + Level 4.5 Dodging
 + Level 4.7 Stealth
 + Level 3.8 Spellcasting
 + Level 1.8 Conjurations
 + Level 3.4 Air Magic


You had 10 spell levels left.
You knew the following spells:

 Your Spells              Type           Power        Failure   Level
a - Shock                 Conj/Air       48%          5%          1

Your spell library contained the following spells:

 Spells                   Type           Power        Failure   Level
 Swiftness                Air            14%          6%          2
 Static Discharge         Conj/Air       12%          17%         3
 Airstrike                Air            7%           36%         4
 Lightning Bolt           Conj/Air       6%           83%         5


Dungeon Overview and Level Annotations

Branches:
Dungeon (2/15)

Altars:
Elyvilon

Annotations:
D:2 Natasha


Innate Abilities, Weirdness & Mutations

You are very small and have problems with some larger weapons.
You are too small for most types of armour.
You have supernaturally acute eyesight. (SInv)
You cover ground extremely quickly.


Message History

You shoot a stone.
The stone hits Natasha but does no damage.
Natasha stares at you and mumbles some strange words.
The magic dart hits you.
You are too injured to fight recklessly!
You are too injured to fight recklessly!
You are too injured to fight recklessly!
You are too injured to fight recklessly!
Casting: Shock (safe; 5% risk of failure)
Confirm with . or Enter, or press ? or * to list all spells.
Aiming: Shock (safe; 5% risk of failure)
Press: ? - help, Shift-Dir - straight line, f/p - Natasha
Aim: Natasha (40% to evade)
The zap hits Natasha.
Natasha is lightly wounded.
Natasha howls an incantation.
Natasha's front paws start to glow.
Natasha stares at you and mumbles some strange words.
The magic dart hits you!
You die...

#.......#.# #.# ###..#.##.###
#######.# #.........# #.......##
#..####.#.###.######.##
########.......#.....# ##.#.###
##..))).#########.##### #.###...
[.>####.# #...# ##.#.### #### #.#
#...# ##.## #.# #@..# ####.###
#.# #...# #..†...# ##)##### #h..#
#.##.#.# # #......# #.(.#
#.##.#.## #
#.÷###.####.(.######......†. ###
#..........(.).............. ..#
##.#...................##..#.
#.###.#.......((...............#.
#.##.###.##.####...#######.###.#.


You could see Natasha.

Vanquished Creatures
  Natasha (twice) (D:2)
  Robin (D:2)
  2 adders (D:2)
  8 gnolls (D:2)
  A worm (D:2)
  3 dart slugs
  2 leopard geckos
  2 giant cockroaches
  15 goblins
  5 hobgoblins
  4 jackals (D:2)
  4 bats
  4 frilled lizards (D:2)
  4 kobolds
  7 rats
64 creatures vanquished.

Vanquished Creatures (others)
  2 jackals (D:2)
  A quokka (D:2)
3 creatures vanquished.

Grand Total: 67 creatures vanquished

Notes
Turn   | Place    | Note
-------+----------+-------------------------------------------
     0 | D:1      | Descartes the Spriggan Air Elementalist began the quest for
                  | the Orb.
     0 | D:1      | Reached XP level 1. HP: 9/9 MP: 5/5
   254 | D:1      | Reached XP level 2. HP: 13/13 MP: 3/6
   586 | D:1      | Reached skill level 1 in Conjurations
  1441 | D:2      | Reached XP level 3. HP: 16/16 MP: 0/8
  1581 | D:2      | Noticed Natasha
  1589 | D:2      | Killed Natasha
  1589 | D:2      | Noticed Robin
  2011 | D:2      | Reached XP level 4. HP: 21/21 MP: 6/9
  2071 | D:2      | Reached skill level 1 in Short Blades
  2206 | D:2      | Killed Robin
  2525 | D:2      | Found a white marble altar of Elyvilon.
  2565 | D:2      | Reached XP level 5. HP: 24/24 MP: 3/11
  3066 | D:2      | Noticed Natasha
  3072 | D:2      | Killed Natasha
  3101 | D:2      | Noticed Natasha
  3108 | D:2      | Killed from afar by Natasha

Illustrated notes

Levels and vault maps discovered:
D:1:      minmay_arrival_loop, layout_rooms, serial_co_window_serial,
          co_window_of_opportunity_a, co_window_cross_1, co_window_paths_a,
          co_window_paths_b, co_window_corner_a, co_window_corner_b,
          co_window_broadway_c, co_window_broadway_a, co_window_unsneaky_path_e,
          co_window_paths_c, co_window_paths_e, glass_columns_b,
          glass_columns_b, glass_columns_a, glass_columns_a, glass_columns_b
D:2:      layout_loops_cross, elyvilon_altar_4, uniq_natasha, uniq_robin

Skill      XL: |  1  2  3  4 |
---------------+-------------+-----
Spellcasting   | 3 |  3.8
Conjurations   | 1 |  1.8
Air Magic      | 3 |  3.4
Stealth        | 4 |  4.7
Short Blades   | 1 |  1.8
Dodging        | 4 |  4.5

Action                   |  1- 3 |  4- 6 || total
-------------------------+-------+-------++-------
Melee: Short sword       |     3 |       ||     3
 Fire: Hunting sling     |       |    37 ||    37
 Cast: Shock             |    87 |    52 ||   139
  Use: Scroll            |     3 |       ||     3
Armor: Animal skin       |       |     1 ||     1
Dodge: Dodged            |    15 |    37 ||    52
